Map: Blackburn LE

Players

Serral - Winner!

  • Race: Zerg Zerg

Trap

  • Race: Protoss Protoss

Event: DreamHack SC2 Masters 2021 Fall

VOD

Have the link to the VOD?

Description

Time

  • Played on: Sept. 12, 2021, 12:03 p.m.
  • Length: 10:14

All games in this series

Show
View Real Time Build Order
Export as new Build Order

Serral Zerg - Winner!

Build Orders: Hatch First 

Get SALT Encoding   

  12  0:00  Drone  
  13  0:12  Overlord  
  13  0:17  Drone  
  14  0:30  Drone x2  
  16  0:44  Drone  
  17  0:56  Drone  
  18  0:57  Hatchery  
  18  1:01  Drone  
  18  1:09  Extractor  
  17  1:16  Spawning Pool  
  16  1:19  Drone  
  16  1:22  Drone  
  18  1:27  Drone  
  19  1:38  Drone  
  20  1:49  Overlord  
  20  2:02  Queen  
  22  2:09  Queen  
  22  2:10  Zergling x4  
  22  2:11  Drone  
  22  2:13  Metabolic Boost  
  27  2:20  Drone  
  27  2:21  Drone  
  29  2:32  Drone x2  
  31  2:38  Queen  
  33  2:48  Hatchery  
  32  2:52  Overlord  
  32  2:54  Drone  
  33  2:58  Drone  
  33  2:59  Drone  
  33  3:04  Drone  
  36  3:10  Overlord  
  36  3:13  Zergling x2  
  36  3:16  Drone x2  
  36  3:19  Drone  
  40  3:20  Drone x3  
  40  3:25  Drone  
  44  3:27  Spore Crawler  
  44  3:29  Drone  
  44  3:34  Queen  
  44  3:38  Queen  
  48  3:42  Overlord  
  48  3:44  Drone  
  49  3:49  Overlord  
  48  3:56  Spore Crawler  
  48  4:01  Zergling x6  
  50  4:04  Drone x3  
  50  4:05  Drone x2  
  50  4:08  Drone  
  56  4:14  Drone x2  
  58  4:21  Roach Warren, Drone  
  58  4:22  Drone x4  
  62  4:25  Overlord  
  62  4:27  Zergling x2  
  63  4:31  Lair  
  63  4:34  Drone  
  63  4:39  Queen  
  63  4:42  Zergling x2  
  63  4:45  Spore Crawler  
  65  4:50  Overlord  
  65  4:51  Zergling x4  
  65  4:55  Drone x6  
  65  4:56  Drone  
  65  4:58  Drone  
  68  5:00  Drone x2  
  68  5:02  Drone  
  68  5:05  Spore Crawler  
  69  5:08  Overlord  
  69  5:09  Drone x3  
  72  5:14  Extractor  
  72  5:15  Drone  
  72  5:19  Evolution Chamber  
  72  5:20  Drone x3  
  74  5:27  Drone  
  74  5:28  Drone  
  76  5:29  Drone  
  76  5:33  Drone x3  
  76  5:35  Extractor x2  
  79  5:36  Extractor x2  
  79  5:37  Glial Reconstitution  
  79  5:39  Drone x2  
  78  5:43  Hatchery  
  78  5:46  Zerg Missile Weapons Level 1  
  78  5:47  Drone x4  
  81  5:50  Overlord  
  81  5:58  Overlord  
  81  6:00  Drone x3  
  83  6:06  Overlord  
  83  6:07  Spire  
  83  6:08  Roach  
  83  6:10  Baneling Nest  
  81  6:14  Roach x4  
  81  6:17  Roach x2  
  92  6:19  Drone  
  92  6:22  Roach x2  
  97  6:28  Overlord  
  97  6:29  Roach x3  
  97  6:32  Roach  
  104  6:33  Overseer  
  104  6:41  Roach x5  
  104  6:46  Zergling x4  
  116  6:52  Zergling x4  
  118  6:56  Ravager  
  118  6:57  Ravager x3, Zergling x2  
  118  6:58  Zergling x8  
  127  7:02  Zergling x2  
  127  7:04  Overlord x4  
  128  7:12  Centrifical Hooks  
  126  7:16  Zergling x2  
  125  7:29  Zergling x26  
  133  7:36  Roach x5  
  143  7:38  Overlord  
  143  7:46  Roach x4  
  151  7:51  Ravager x2  
  151  7:56  Overlord  
  153  7:58  Baneling  
  153  7:59  Baneling x19  
  153  8:07  Roach x3  
  153  8:09  Zergling x2  
  153  8:11  Overlord x3  
  160  8:13  Baneling x6  
  160  8:18  Zergling x10  
  165  8:20  Baneling  
  165  8:21  Baneling x3  
  159  8:32  Zergling x24  
  168  8:39  Zergling x12  
  168  8:40  Zergling x4  
  157  8:48  Roach x5  
  136  9:03  Roach x7  
  136  9:05  Roach x3  
  144  9:11  Roach x2  
  143  9:17  Roach x2  
  134  9:25  Roach x7  
  134  9:27  Roach x3  
  150  9:36  Roach x4  
  149  9:40  Roach x2  
  149  9:44  Roach  
  136  9:54  Roach x8  
Show
View Real Time Build Order
Export as new Build Order

Trap Protoss 

Build Orders: 1 Gate Expand, Oracle Opening 

Get SALT Encoding   

  12  0:00  Probe  
  13  0:15  Pylon  
  13  0:17  Probe (Chrono Boost)  
  14  0:26  Probe (Chrono Boost)  
  15  0:31  Probe (Chrono Boost)  
  16  0:40  Gateway  
  16  0:43  Probe  
  16  0:49  Assimilator  
  17  0:55  Probe  
  18  1:07  Probe  
  19  1:20  Probe  
  19  1:25  Nexus  
  20  1:35  Cybernetics Core  
  20  1:39  Probe  
  21  1:45  Assimilator  
  21  1:51  Probe  
  22  1:54  Pylon  
  22  2:02  Probe  
  23  2:09  Adept (Chrono Boost)  
  23  2:10  Probe  
  26  2:18  Stargate, Probe  
  26  2:27  Warp Gate  
  27  2:30  Probe  
  27  2:34  Pylon  
  28  2:38  Probe (Chrono Boost)  
  28  2:44  Stalker  
  32  2:47  Probe (Chrono Boost)  
  32  2:50  Probe (Chrono Boost)  
  33  2:56  Probe (Chrono Boost)  
  33  2:57  Probe (Chrono Boost)  
  35  3:01  Oracle (Chrono Boost)  
  35  3:04  Probe  
  39  3:06  Probe  
  39  3:11  Pylon  
  40  3:15  Adept  
  40  3:18  Probe  
  40  3:19  Probe  
  44  3:26  Gateway  
  44  3:30  Probe  
  44  3:31  Probe  
  44  3:32  Oracle (Chrono Boost)  
  49  3:42  Probe  
  49  3:43  Probe  
  49  3:47  Pylon  
  51  3:55  Probe x2  
  53  4:03  Nexus  
  53  4:05  Pylon  
  53  4:07  Probe  
  53  4:08  Probe  
  55  4:16  Assimilator x2  
  55  4:20  Adept x2  
  55  4:22  Probe  
  61  4:24  Probe  
  61  4:33  Forge  
  61  4:35  Twilight Council  
  61  4:37  Pylon  
  61  4:39  Probe  
  61  4:40  Probe  
  63  4:51  Probe  
  63  4:52  Probe  
  65  5:03  Probe  
  65  5:04  Probe  
  65  5:05  Shield Battery  
  65  5:06  Protoss Ground Weapons Level 1 (Chrono Boost)  
  61  5:08  Blink (Chrono Boost)  
  61  5:10  Sentry x2  
  61  5:13  Gateway  
  63  5:16  Gateway  
  63  5:19  Gateway  
  63  5:21  Gateway  
  63  5:24  Probe  
  63  5:25  Probe  
  63  5:26  Probe  
  66  5:32  Shield Battery  
  66  5:35  Sentry x2  
  70  5:38  Pylon, Probe x2  
  72  5:47  Pylon x2  
  72  5:53  Probe x3  
  74  5:57  Robotics Facility  
  74  6:03  Stalker x2  
  78  6:08  Stalker  
  78  6:10  Probe x3  
  83  6:18  Stalker  
  83  6:19  Stalker x2  
  83  6:22  Assimilator  
  83  6:24  Probe x3  
  92  6:26  Assimilator  
  92  6:33  Pylon  
  92  6:35  Pylon  
  92  6:41  Pylon  
  92  6:42  Stalker x3  
  92  6:43  Stalker  
  97  6:48  Robotics Bay  
  97  6:52  Probe x2  
  97  6:53  Probe  
  100  6:55  Photon Cannon  
  100  6:59  Stalker x2  
  104  7:03  Robotics Facility  
  104  7:05  Observer  
  105  7:10  Protoss Ground Weapons Level 2 (Chrono Boost)  
  105  7:13  Pylon  
  105  7:14  Pylon  
  99  7:30  Stalker  
  99  7:32  Colossus (Chrono Boost)  
  107  7:40  Photon Cannon, Extended Thermal Lance  
  107  7:43  Shield Battery  
  107  7:48  Stalker x3  
  113  7:52  Gateway  
  113  7:56  Colossus (Chrono Boost), Gateway  
  119  8:11  Pylon  
  119  8:15  Colossus (Chrono Boost)  
  119  8:16  Shield Battery  
  119  8:17  Shield Battery  
  119  8:18  Nexus  
  125  8:20  Sentry, Zealot  
  125  8:22  Zealot  
  127  8:35  Stalker x3  
  113  8:44  Stalker x3  
  113  8:45  Probe x3  
  95  8:56  Colossus (Chrono Boost)  
  95  9:00  Zealot x4  
  105  9:08  Zealot  
  103  9:16  Zealot x3  
  88  9:26  Stalker x3  
  87  9:32  Stalker x2  
  85  9:41  Warp Prism (Chrono Boost)  
  85  9:44  Stalker x2  
  80  9:55  Stalker x2  
  80  9:59  Stalker  
  80  10:03  Stalker  

Tags
 
Add a new tag
Caveats
  • Supply blocks, unpowered buildings, or Contaminate may cause inaccurate times.
  • Supply counts are checked every 10 seconds.